 Dungeon Crawl Stone Soup version 0.28.0-53-g5a82cb258f (webtiles) character file.

Game seed: 11762934575092462355

5 Arcadio the Skirmisher (level 1, 0/18 HPs)
             Began as a Demonspawn Abyssal Knight on June 2, 2022.
             Was a Follower of Lugonu.
             Constricted to death by a ball python (1 damage)
             ... on level 1 of the Dungeon.
             The game lasted 00:00:45 (220 turns).

Arcadio the Skirmisher (Demonspawn Abyssal Knight)   Turns: 220, Time: 00:00:46

Health: 0/18       AC:  3    Str: 13    XL:     1   Next: 66%
Magic:  2/2        EV:  8    Int: 11    God:    Lugonu [*.....]
Gold:   13         SH:  0    Dex: 13    Spells: 0/0 levels left

rFire   . . .      SeeInvis .   a - +1 falchion
rCold   . . .      Faith    .   (no shield)
rNeg    . . .      Spirit   .   b - +0 leather armour
rPois   .          Reflect  .   (no helmet)
rElec   .          Harm     .   (no cloak)
rCorr   .          Rampage  .   (no gloves)
Will    .....                   (no boots)
Stlth   +.........              (no amulet)
HPRegen 0.06/turn               (no ring)
MPRegen 0.08/turn               (no ring)

@: constricted
A: no striking features
a: Renounce Religion, Depart the Abyss


You were on level 1 of the Dungeon.
You worshipped Lugonu.
Lugonu was aware of your devotion.
You visited 1 branch of the dungeon, and saw 1 of its levels.
You visited the Abyss 1 time.

You collected 13 gold pieces.

Inventory:

Hand Weapons
 a - a +1 falchion (weapon)
Armour
 b - a +0 leather armour (worn)
Scrolls
 c - a scroll of immolation {unknown}


   Skills:
 + Level 3.0 Fighting
 + Level 1.9 Long Blades
 + Level 1.9 Armour
 + Level 1.0 Dodging
 + Level 2.6 Invocations


You couldn't memorise any spells.
You didn't know any spells.
Your spell library was empty.

Dungeon Overview and Level Annotations

Branches:
Dungeon (1/15)

Altars:


Message History

The ball python bites you. The ball python constricts you.
The ball python closely misses you.
You hit the ball python.
You kill the ball python!
Lugonu accepts your kill. The ball python bites you.
The ball python constricts you. The ball python barely misses you.
The ball python constricts you.
You escape the ball python's grasp.
You see here a hobgoblin corpse.
You completely miss the ball python. The ball python barely misses you. x2
The ball python closely misses you. The ball python barely misses you.
You hit the ball python.
The ball python is severely wounded.
The ball python misses you. The ball python grabs you.
The ball python constricts you.
You completely miss the ball python.
The ball python is severely wounded.
The ball python bites you. The ball python constricts you.
The ball python bites you.
* * * LOW HITPOINT WARNING * * *
The ball python constricts you.
You closely miss the ball python.
The ball python is heavily wounded.
The ball python bites you but does no damage.
The ball python constricts you.
You closely miss the ball python.
The ball python is heavily wounded.
The ball python completely misses you. The ball python constricts you.
* * * LOW HITPOINT WARNING * * *
You hit the ball python but do no damage.
The ball python is heavily wounded.
The ball python barely misses you. The ball python constricts you.
* * * LOW HITPOINT WARNING * * *
The ball python bites you.
* * * LOW HITPOINT WARNING * * *
The ball python constricts you.
You barely miss the ball python.
The ball python is heavily wounded.
The ball python closely misses you. The ball python constricts you.
You die...

#........###
#.##..##.... ###
##...##### ##.##
#......... ...
##...##### #. ... ##†##
#. #.# #.# #.##.# #.#
#..S@# ##'## #....###.#
##...##
#........###.....##
###..######.......##
#####...####.........##
............'.........'.
######...####.....†...##
#..## ##.......## #.##
##.....##


You could see a ball python.

Vanquished Creatures
  An endoplasm (D:1)
  A hobgoblin (D:1)
  2 ball pythons (D:1)
  2 frilled lizards (D:1)
6 creatures vanquished.

Notes
Turn   | Place    | Note
-------+----------+-------------------------------------------
     0 | Abyss:1  | Arcadio the Demonspawn Abyssal Knight began the quest for
                  | the Orb.
     0 | Abyss:1  | Reached XP level 1. HP: 18/18 MP: 2/2
    27 | Abyss:1  | Noticed a hellwing
    39 | D:1      | Escaped the Abyss
   160 | D:1      | Reached skill level 1 in Dodging
   220 | D:1      | Constricted to death by a ball python

Illustrated notes

Levels and vault maps discovered:
D:1:      tarquinn_simple_flora_water_c, layout_loops_corners,
          minmay_tetromino_s4

Skill      XL: |  1 |
---------------+----+-----
Dodging        | 1 |  1.0
Fighting       | |  3.0
Long Blades    | |  1.9
Armour         | |  1.9
Invocations    | |  2.6

Action                   || total
-------------------------++-------
Melee: Falchion          ||    19
Armor: Leather armour    ||     2
Dodge: Dodged            ||    18
